 Dungeon Crawl Stone Soup version 0.30-a0-368-g86fb4627a9 (webtiles) character file.

Game seed: 969624439339014932

326724 oldriver the Sorcerer (level 20, -1/150 HPs)
             Began as a Mummy Necromancer on Nov 19, 2022.
             Was the Champion of Hepliaklqana.
             Slain by a +2 dire flail of holy wrath (20 damage)
             ... animated by Zenata
             ... on level 4 of the Vaults on Nov 20, 2022.
             The game lasted 02:16:13 (69157 turns).

oldriver the Sorcerer (Mummy Necromancer)          Turns: 69157, Time: 02:16:14

Health: -1/150     AC: 28    Str: 22    XL:     20   Next: 76%
Magic:  33/45      EV: 12    Int: 25    God:    Hepliaklqana [******]
Gold:   1347       SH: 22    Dex: 11    Spells: 10/61 levels left

rFire   + + .      SeeInvis +    q - staff of air
rCold   + + .      Faith    +    P - +5 kite shield {AC+3}
rNeg    + + +      Spirit   .    U - +4 scale mail "Daimy" {Contam rF+++ Int+3}
rPois   ∞          Reflect  +    B - +1 helmet of the Scribe {Will++ Stlth+}
rElec   +          Harm     .    R - +2 cloak of the Thief {*Fog Slay-2 SInv Stlth+}
rCorr   +          Rampage  .    b - +1 pair of gloves "Kumug" {rF+}
Will    +++++                    r - +2 pair of boots
Stlth   ++........               I - amulet of Lofro {Reflect rPois rN+ SH+5 SInv}
HPRegen 0.45/turn                m - ring "Lymuclij" {Ice Will+ Str+10 Dex-2}
MPRegen 0.29/turn                i - ring "Oczan" {Contam rPois Will+ rCorr SInv}

@: about to teleport
A: reduced essence, cold resistance 1, negative energy resistance 3, torment
resistance 2, heat vulnerability 1, in touch with death 2, no potions, faith
}: 2/15 runes: serpentine, barnacled
a: Renounce Religion, Recall Ancestor, Ancestor Identity, Transference, Idealise


You were on level 4 of the Vaults.
You worshipped Hepliaklqana.
Hepliaklqana was exalted by your worship.
You visited 8 branches of the dungeon, and saw 36 of its levels.
You also visited: Ossuary, Bailey and Gauntlet.

You collected 5162 gold pieces.
You spent 3815 gold pieces at shops.

Inventory:

Hand Weapons
 A - the +6 hand axe of Blood {venom, Dex+4 Stlth+}
   (You took it off a minotaur in a Gauntlet)

   It poisons the flesh of those it strikes.
   Dex:       It affects your dexterity (+4).
   Stlth:     It makes you more stealthy.
 G - the +7 spear "Cosut" {freeze, rF- Str+2 Int+4 Dex+2}
   (You bought it in a shop on level 2 of the Orcish Mines)

   It freezes those it strikes, dealing additional cold damage.
   It can also slow down cold-blooded creatures.
   Str:       It affects your strength (+2).
   Int:       It affects your intelligence (+4).
   Dex:       It affects your dexterity (+2).
   rF:        It makes you vulnerable to fire.
Missiles
 W - 4 throwing nets
Armour
 b - the +1 pair of gloves "Kumug" (worn) {rF+}
   (You acquired it on level 4 of the Dungeon)

   rF:        It protects you from fire.
 r - a +2 pair of boots (worn)
 B - the +1 helmet of the Scribe (worn) {Will++ Stlth+}
   (You found it in a Gauntlet)

   Will:      It greatly increases your willpower.
   Stlth:     It makes you more stealthy.
 P - a +5 kite shield of protection (worn)
 R - the +2 cloak of the Thief (worn) {*Fog Slay-2 SInv Stlth+}
   (You bought it in a shop on level 1 of the Orcish Mines)

   It may release a thick cloud of smoke when the wearer is hurt.
   Slay:      It affects your accuracy & damage with ranged weapons and melee
   (-2).
   SInv:      It lets you see invisible.
   Stlth:     It makes you more stealthy.
 U - the +4 scale mail "Daimy" (worn) {Contam rF+++ Int+3}
   (You bought it in a shop on level 1 of the Shoals)

   Int:       It affects your intelligence (+3).
   rF:        It renders you almost immune to fire.
   Contam:    It causes magical contamination when unequipped.
Magical Staves
 q - a staff of air (weapon)
Jewellery
 d - an amulet of regeneration
 i - the ring "Oczan" (right hand) {Contam rPois Will+ rCorr SInv}
   (You bought it in a shop on level 4 of the Snake Pit)

   [ring of see invisible]

   rPois:     It protects you from poison.
   SInv:      It lets you see invisible.
   Contam:    It causes magical contamination when unequipped.
   rCorr:     It protects you from acid and corrosion.
   Will:      It increases your willpower.
 m - the ring "Lymuclij" (left hand) {Ice Will+ Str+10 Dex-2}
   (You took it off a salamander mystic on level 1 of the Snake Pit)

   [ring of ice]

   It enhances your ice magic.
   Str:       It affects your strength (+10).
   Dex:       It affects your dexterity (-2).
   rF:        It makes you vulnerable to fire.
   rC:        It protects you from cold.
   Will:      It increases your willpower.
 D - a +4 ring of protection
 E - a +4 ring of evasion
 H - a ring of willpower
 I - the amulet of Lofro (around neck) {Reflect rPois rN+ SH+5 SInv}
   (You found it on level 5 of the Lair of Beasts)

   [amulet of reflection]

   It reflects blocked missile attacks.
   rPois:     It protects you from poison.
   rN:        It protects you from negative energy.
   SInv:      It lets you see invisible.
   SH:        It affects your SH (+5).
 J - the ring "Wudinkun" {rElec rPois Dex-5 Slay+5 Stlth+}
   (You found it on level 5 of the Lair of Beasts)

   [ring of poison resistance]

   Dex:       It affects your dexterity (-5).
   Slay:      It affects your accuracy & damage with ranged weapons and melee
   (+5).
   rElec:     It insulates you from electricity.
   rPois:     It protects you from poison.
   Stlth:     It makes you more stealthy.
 L - a +6 ring of intelligence
 N - a +6 ring of strength
 T - a +6 ring of intelligence
 V - a +6 ring of dexterity
 X - a ring of ice
Wands
 h - a wand of mindburst (4)
 j - a wand of polymorph (16)
 k - a wand of paralysis (17)
 u - a wand of digging (10)
 w - a wand of flame (90)
 z - a wand of roots (36)
 C - a wand of quicksilver (20)
Scrolls
 a - 3 scrolls of summoning
 c - 20 scrolls of teleportation
 f - 5 scrolls of immolation
 g - 2 scrolls of brand weapon
 l - 8 scrolls of poison
 n - 4 scrolls of amnesia
 o - 7 scrolls of butterflies
 p - 6 scrolls of noise
 s - 3 scrolls of silence
 t - 3 scrolls of vulnerability
 v - 5 scrolls of magic mapping
 x - 4 scrolls of blinking
 y - 2 scrolls of torment
 M - 3 scrolls of fear
 O - 3 scrolls of enchant weapon
 Q - 2 scrolls of enchant armour
Miscellaneous
 F - a condenser vane
 K - a lightning rod (4/4)
 Y - a phantom mirror


   Skills:
 + Level 16.9 Fighting
 - Level 11.0 Armour
 - Level 9.2 Dodging
 - Level 2.0 Stealth
 * Level 14.4 Shields
 + Level 21.1 Spellcasting
 - Level 5.0 Conjurations
 + Level 6.8 Summonings
 - Level 15.0 Necromancy
 + Level 11.0 Air Magic


You had 10 spell levels left.
You knew the following spells:

 Your Spells              Type           Power      Damage    Failure   Level
a - Necrotise             Necr           100%       1d9       0%          1
b - Vampiric Draining     Necr           100%       2d13      1%          3
c - Animate Dead          Necr           100%       N/A       1%          4
d - Searing Ray           Conj           100%       2d8       1%          2
e - Vhi's Electric Charg  Tloc/Air       100%       N/A       1%          3
f - Haunt                 Necr/Summ      55%        N/A       52%         7
g - Infestation           Necr           61%        N/A       65%         8
h - Passwall              Tmut/Erth      21%        N/A       10%         2
j - Arcjolt               Conj/Air       39%        1d49      6%          5
l - Lightning Bolt        Conj/Air       39%        1d58      6%          5
p - Airstrike             Air            44%        2d(7-23)  1%          4
q - Swiftness             Air            89%        N/A       1%          3
s - Summon Lightning Spi  Summ/Air       82%        N/A       1%          4

Your spell library contained the following spells:

 Spells                   Type           Power      Damage    Failure   Level
 Magic Dart               Conj           100%       1d8       1%          1
 Summon Small Mammal      Summ           100%       N/A       1%          1
 Call Imp                 Summ           57%        N/A       1%          2
 Poisonous Vapours        Pois/Air       100%       N/A       1%          2
 Static Discharge         Conj/Air       100%       2-7/arc   1%          2
 Call Canine Familiar     Summ           57%        N/A       1%          3
 Mephitic Cloud           Conj/Pois/Air  68%        N/A       1%          3
 Agony                    Necr           100%       N/A       1%          5
 Anguish                  Hex/Necr       48%        N/A       2%          4
 Apportation              Tloc           52%        N/A       6%          1
 Freeze                   Ice            100%       1d10      6%          1
 Sting                    Tmut/Pois      100%       1d8       6%          1
 Dazzling Flash           Conj/Hex       76%        N/A       7%          3
 Hailstorm                Conj/Ice       55%        3d12      7%          3
 Ensorcelled Hibernation  Hex/Ice        78%        N/A       10%         2
 Animate Armour           Summ/Erth      86%        N/A       16%         4
 Summon Ice Beast         Ice/Summ       60%        N/A       16%         4
 Frozen Ramparts          Ice            78%        1d12      19%         3
 Ignite Poison            Fire/Tmut/Pois 26%        N/A       19%         3
 Inner Flame              Hex/Fire       26%        N/A       19%         3
 Silence                  Hex/Air        34%        N/A       19%         5
 Flame Wave               Conj/Fire      38%        2d10      22%         4
 Fulminant Prism          Conj/Hex       19%        3d10      22%         4
 Sticky Flame             Conj/Fire      38%        2d6       22%         4
 Summon Forest            Summ/Tloc      21%        N/A       38%         5
 Simulacrum               Ice/Necr       60%        N/A       41%         6
 Cause Fear               Hex            13%        N/A       52%         4
 Olgreb's Toxic Radiance  Pois           26%        N/A       52%         4
 Fireball                 Conj/Fire      19%        3d9       52%         5
 Irradiate                Conj/Tmut      19%        3d18      52%         5
 Summon Hydra             Summ           28%        N/A       97%         7
 Iron Shot                Conj/Erth      19%        9d4       98%         6
 Enfeeble                 Hex            13%        N/A       100%        7
 Discord                  Hex            13%        N/A       100%        8
 Ignition                 Fire           13%        3d6       100%        8
 Dragon's Call            Summ           28%        N/A       100%        9
 Ice Form                 Ice/Tmut       Unusable   N/A       N/A         4
 Blade Hands              Tmut           Unusable   N/A       N/A         5
 Dragon Form              Tmut           Unusable   N/A       N/A         7

Dungeon Overview and Level Annotations

Branches:
Dungeon (14/15)            Temple (1/1) D:6            Lair (5/5) D:10
 Shoals (4/4) Lair:3        Snake (4/4) Lair:2        Slime (0/5) Lair:4
    Orc (2/2) D:10            Elf (2/3) Orc:2        Vaults (4/5) D:14
  Crypt (0/3) Vaults:3    Ossuary (visited)          Bailey (visited)
Gauntlet (visited)

Altars:
Ashenzari
Cheibriados
Dithmenos
Gozag
Hepliaklqana
Kikubaaqudgha
Nemelex Xobeh
Okawaru
Qazlal
Ru
Sif Muna
Trog
Vehumet
Wu Jian
Xom
Yredelemnul

Shops:
D:10 =   Orc:1 *   Orc:2 [[==*[(   Shoals:1 (**   Shoals:2 **   Snake:3 (
Snake:4 =*

Portals:
Trove: D:14 (give horn of Geryon)

Annotations:
Orc:1 Oket's ghost, journeyman DrCj; Siyfonof's ghost, journeyman MiFi
Elf:1 2 runed translucent doors, Diaqofic's ghost, adept GnAr
Elf:2 3 runed translucent doors
Vaults:4 Zenata


Innate Abilities, Weirdness & Mutations

Your life essence is reduced to manifest your ancestor. (-10% HP)
You are immune to poison.
Your flesh is cold resistant. (rC+)
You are immune to negative energy. (rN+++)
You are immune to unholy pain and torment.
You are vulnerable to heat. (rF-)
You are strongly in touch with the powers of death.
You do not drink.
You have a special connection with the divine. (Faith)


Message History

The +1 mace of holy wrath closely misses you.
The +6 antimagic war axe closely misses you.
The +4 halberd of venom completely misses you.
The +1 mace of holy wrath hits you.
* * * LOW HITPOINT WARNING * * *
You convulse!
* * * LOW HITPOINT WARNING * * *
The +2 dire flail of holy wrath hits you but does no damage.
The +1 mace of holy wrath attacks as you move away!
You block the +1 mace of holy wrath's attack.
The +6 antimagic war axe closely misses you.
You block the +1 mace of holy wrath's attack.
The +4 halberd of venom hits you from afar!
* * * LOW HITPOINT WARNING * * *
You block the +2 dire flail of holy wrath's attack.
As you read the scroll of teleportation, it crumbles to dust.
You feel strangely unstable.
The +2 dire flail of holy wrath misses you.
The +1 mace of holy wrath misses you.
You block the +6 antimagic war axe's attack.
You block the +4 halberd of venom's attack.
The +2 dire flail of holy wrath hits you but does no damage.
The +1 mace of holy wrath hits you but does no damage.
The +6 antimagic war axe closely misses you.
The +4 halberd of venom hits you but does no damage.
The +1 mace of holy wrath attacks as you move away!
The +1 mace of holy wrath hits you but does no damage.
You block the +2 dire flail of holy wrath's attack.
You block the +1 mace of holy wrath's attack.
The +4 halberd of venom hits you but does no damage.
You block the +2 dire flail of holy wrath's attack.
The +1 mace of holy wrath hits you but does no damage.
The +2 dire flail of holy wrath attacks as you move away!
The +2 dire flail of holy wrath hits you but does no damage.
You block the +6 antimagic war axe's attack.
The +6 antimagic war axe hits you.
* * * LOW HITPOINT WARNING * * *
You feel your power leaking away.
The +2 dire flail of holy wrath hits you!!
You die...

# #.....##....###.##.# ## #.....#
#......##.# .# #.....# .......#
###########.....#################
..........................a......
................§§§§§§......(....
................§§§§§............
...............§§(§(§§...........
.............>.§@(((§§...........
'##########....§#################
..###...# #.....# ......
..#.'...# #.....# ......
.'###[..# #.....# ###.##
'#[[.#### #.....# ...... .#.⌠.#.#
#.....# ...... ##.[.#'## #.....#
. #. .'###'..# #.....+ #.


You could see 3 dancing weapons.

Vanquished Creatures
  4 krakens
  An ancient champion (Vaults:3)
  A tengu reaver (Vaults:1)
  A storm dragon (D:13)
  A fire giant (Vaults:3)
  2 vault wardens (Vaults:3)
  A nagaraja (Snake:4)
  3 orc warlords
  Aizul (Elf:1)
  A war gargoyle (Vaults:3)
  5 ironbound preservers
  A vampire knight (Vaults:3)
  2 dire elephants
  A deep elf annihilator (Elf:1)
  A deep elf demonologist (Elf:1)
  A minotaur (Gauntlet)
  An ettin (D:13)
  2 merfolk javelineers
  2 yaktaur captains
  4 merfolk impalers
  2 salamander tyrants
  4 hydras
  5 anacondas
  6 ironbound frosthearts
  3 merfolk aquamancers (Shoals:4)
  3 two-headed ogres
  16 centaur warriors
  An ogre mage (D:14)
  2 boulder beetles
  2 merfolk avatars
  A catoblepas (Gauntlet)
  A deep troll shaman (Lair:5)
  8 dancing weapons
  2 naga sharpshooters (Snake:4)
  4 naga warriors
  3 satyrs
  4 death yaks
  2 orc high priests
  The ghost of Esior the Basher, a novice DsGl of Fedhas (Orc:1)
  5 shock serpents
  Nergalle (Lair:3)
  A deep elf knight (Elf:2)
  3 salamander mystics
  5 skeletal warriors
  4 sea snakes
  10 deep trolls
  5 orc knights
  2 naga ritualists
  6 deep elf archers
  8 ironbound convokers
  A necromancer (Vaults:2)
  3 lindwurms
  A phantasmal warrior (D:13)
  11 deep elf pyromancers
  19 harpies
  5 mana vipers
  9 manticores
  A wolf spider (shapeshifter) (D:13)
  16 deep elf zephyrmancers
  3 orc sorcerers
  17 fauns
  9 salamanders
  4 cyclopes
  3 ugly things
  Maurice (D:10)
  A moth of wrath (Gauntlet)
  5 merfolk sirens
  7 elephants
  8 naga magi
  3 centaur zombies (D:11)
  7 vault sentinels
  19 black mambas
  A gargoyle (Gauntlet)
  Joseph (D:9)
  3 kobold demonologists
  3 water nymphs
  8 cane toads
  An ice statue (D:10)
  An unseen horror (D:12)
  10 yaktaurs
  2 rime drakes
  2 komodo dragons
  A tengu conjurer (D:12)
  An efreet (D:13)
  3 wind drakes
  A polar bear (Lair:4)
  6 trolls
  A hornet (D:10)
  13 merfolk
  6 dream sheep
  6 slime creatures
  7 blink frogs
  A meliai zombie (D:11)
  A raiju (shapeshifter) (Elf:1)
  2 snapping turtles
  Sigmund (D:2)
  A shadow (D:12)
  An air elemental (Elf:1)
  2 vampires (D:11)
  4 fire elementals
  A fire bat (Gauntlet)
  6 water elementals
  2 wraiths (D:11)
  15 yaks
  Eustachio (D:6)
  2 basilisks
  A steam dragon (D:7)
  2 vampire mosquitoes
  2 acid dragons
  A warg (Orc:2)
  6 water moccasins
  20 nagas
  3 sky beasts (D:7)
  15 orc warriors
  A black bear (D:7)
  4 ice beasts
  10 ogres
  19 wolves
  2 boggarts
  13 centaurs
  3 phantoms
  7 kobold brigands
  4 bullfrogs
  5 gnoll sergeants
  2 earth elementals (Elf:1)
  4 scorpions
  3 jellies
  3 wights (D:10)
  7 killer bees (D:8)
  3 howler monkeys
  An electric eel (Lair:2)
  15 orc priests
  A gnoll bouda (D:6)
  2 hounds
  A scorpion zombie (Ossuary)
  3 iguanas
  26 orc wizards
  3 ogre zombies (Ossuary)
  10 gnolls
  9 adders
  2 white imps
  An ufetubus (D:4)
  2 adder zombies (Ossuary)
  68 orcs
  4 ball pythons
  5 bats
  7 endoplasms
  3 giant cockroaches (D:2)
  13 goblins
  6 hobgoblins
  23 kobolds
  8 quokkas
  3 frilled lizards
  A gnoll zombie (Ossuary)
  A goblin zombie (Ossuary)
  2 hobgoblin zombies (Ossuary)
  4 rats
  5 tentacles
795 creatures vanquished.

Vanquished Creatures (collateral kills)
  Nikola (Elf:1)
  A kraken (Shoals:3)
  A titan (Vaults:3)
  Frances (Shoals:2)
  The ghost of Pebbae the Deadly Accurate, an adept DsGl of Dithmenos (Snake:3)
  A sphinx (Vaults:3)
  4 nagarajas (Snake:4)
  5 vault wardens
  2 deep elf sorcerers (Elf:1)
  A frost giant (Vaults:2)
  9 ironbound preservers
  A very ugly thing (Vaults:1)
  A stone giant (Vaults:3)
  3 ironbound thunderhulks
  The ghost of sifdire the Severer, a journeyman MiBe of Trog (Orc:1)
  6 dire elephants
  An ettin (Vaults:4)
  2 yaktaur captains
  A fire dragon (D:13)
  A deep elf death mage (Vaults:1)
  3 merfolk impalers
  Fannar (D:10)
  3 great orbs of eyes
  An entropy weaver (Vaults:1)
  4 salamander tyrants
  A peacekeeper (Vaults:3)
  3 hydras
  A boulder beetle (Vaults:1)
  An ironbound frostheart (Vaults:1)
  5 centaur warriors
  2 merfolk avatars
  3 merfolk aquamancers (Shoals:4)
  A catoblepas (Lair:5)
  Erica (D:10)
  12 anacondas
  4 death yaks
  2 dancing weapons
  3 two-headed ogres (D:14)
  A tengu warrior (D:13)
  7 naga warriors
  3 orc high priests (Orc:2)
  10 naga sharpshooters
  3 deep elf knights (Elf:1)
  A fire crab (Gauntlet)
  2 shock serpents (Snake:1)
  3 skeletal warriors (D:14)
  2 salamander mystics
  6 naga ritualists
  7 sea snakes
  30 deep trolls
  6 orc knights
  4 deep elf archers
  9 ironbound convokers
  7 deep elf zephyrmancers
  2 necromancers
  2 wizards (Vaults:2)
  17 harpies
  8 deep elf pyromancers
  2 lindwurms (Vaults:2)
  A cyclops (D:14)
  6 mana vipers
  7 fauns
  6 ugly things
  3 orc sorcerers
  2 frost giant zombies (Vaults:2)
  A sphinx skeleton (Vaults:2)
  9 salamanders
  7 manticores
  28 black mambas
  9 elephants
  A guardian serpent (Snake:1)
  2 merfolk sirens (Shoals:4)
  6 water nymphs
  A molten gargoyle (Gauntlet)
  6 cane toads
  11 naga magi
  A torpor snail (Lair:2)
  7 vault sentinels
  A gargoyle (D:11)
  6 yaktaurs
  A komodo dragon (shapeshifter) (D:13)
  An unseen horror (shapeshifter) (Elf:1)
  4 komodo dragons
  4 trolls
  14 merfolk
  A hornet (D:9)
  A tarantella (shapeshifter) (Elf:2)
  3 snapping turtles (Shoals:4)
  6 blink frogs
  10 slime creatures
  11 dream sheep
  A jumping spider (Vaults:1)
  2 air elementals
  5 shadows (D:11)
  2 wraiths
  3 basilisks
  A vampire (D:14)
  2 wyverns
  A basilisk (shapeshifter) (D:13)
  31 yaks
  A fire bat (Gauntlet)
  A water elemental (Shoals:2)
  2 fire elementals
  2 redbacks (Vaults:1)
  3 vampire mosquitoes
  A steam dragon (D:8)
  31 nagas
  An ogre zombie (Vaults:2)
  5 water moccasins
  2 ice beasts (D:10)
  23 orc warriors
  A black bear (Lair:5)
  5 ogres
  A boggart (Vaults:2)
  14 wolves
  4 centaurs
  4 kobold brigands
  6 bullfrogs
  2 wights (D:10)
  3 killer bees (D:8)
  2 bullfrog zombies (Ossuary)
  4 centaur zombies
  2 hounds (Lair:2)
  7 orc priests
  A gnoll bouda (Lair:5)
  15 orc wizards
  A scorpion zombie (Ossuary)
  A mummy (Ossuary)
  4 gnolls
  An adder zombie (Ossuary)
  42 orcs
  A bat (D:2)
  A gnoll zombie (Ossuary)
  A hobgoblin (D:3)
  10 kobolds
  A goblin (D:1)
  4 orc zombies
  4 tentacles
666 creatures vanquished.

Vanquished Creatures (others)
  A merfolk javelineer (Shoals:4)
  A titan zombie (Vaults:3)
  A deep elf zephyrmancer (Elf:1)
  3 ugly thing zombies (Vaults:2)
  A death yak zombie (Lair:4)
  5 human zombies
  3 sea snake zombies (Shoals:4)
  4 mana viper zombies (Snake:1)
  4 harpy zombies (Vaults:2)
  A hydra zombie (D:14)
  A boulder beetle zombie (Vaults:3)
  A vampire (D:14)
  5 black mamba zombies
  6 deep troll zombies
  9 elf zombies
  5 merfolk zombies (Shoals:4)
  3 two-headed ogre zombies (D:14)
  2 manticore zombies (Shoals:4)
  11 naga zombies
  A snapping turtle zombie (Shoals:4)
  8 elephant zombies
  15 yak zombies
  A warg zombie (Orc:2)
  10 wolf zombies
  A basilisk zombie (Lair:3)
  3 centaur zombies (Lair:3)
  An ancestor (D:8)
  90 battlemagi
  5 ogre zombies
  A hound zombie (Lair:2)
  5 gnoll zombies
  A goblin (D:8)
  14 kobold zombies
  35 orc zombies
  2 bushes (Lair:4)
  50 fungi
  259 plants
  33 tentacles
  2 withered plants (D:11)
604 creatures vanquished.

Grand Total: 2065 creatures vanquished

Notes
Turn   | Place    | Note
-------+----------+-------------------------------------------
     0 | D:1      | oldriver the Mummy Necromancer began the quest for the Orb.
     0 | D:1      | Reached XP level 1. HP: 13/13 MP: 4/4
   229 | D:1      | Reached skill level 3 in Spellcasting
   232 | D:1      | Reached skill level 1 in Fighting
   305 | D:1      | Reached XP level 2. HP: 21/21 MP: 4/6
   579 | D:1      | Found a faded altar of an unknown god.
   822 | D:1      | Gained mutation: You are in touch with the powers of death.
                  | [Mummy growth]
   822 | D:1      | Reached XP level 3. HP: 27/27 MP: 2/8
  1322 | D:2      | Noticed Sigmund
  1384 | D:1      | Reached skill level 4 in Spellcasting
  1467 | D:2      | Reached XP level 4. HP: 34/34 MP: 7/10
  1623 | D:2      | Killed Sigmund
  1624 | D:2      | Reached skill level 5 in Spellcasting
  1624 | D:2      | Reached XP level 5. HP: 20/41 MP: 5/12
  1753 | D:2      | Learned a level 3 spell: Vampiric Draining
  1758 | D:2      | Learned a level 4 spell: Animate Dead
  2121 | D:3      | Reached XP level 6. HP: 47/47 MP: 11/13
  2480 | D:3      | Reached skill level 5 in Necromancy
  3177 | D:4      | Reached skill level 6 in Spellcasting
  3360 | D:4      | Reached XP level 7. HP: 55/55 MP: 11/16
  3479 | D:4      | Identified a scroll of acquirement
  3483 | D:4      | Acquired the +1 pair of gloves "Kumug" {rF+}
  3964 | D:5      | Entered Level 5 of the Dungeon
  4209 | D:5      | Reached skill level 1 in Shields
  4209 | D:5      | Reached skill level 7 in Spellcasting
  4330 | D:5      | Reached skill level 5 in Fighting
  4529 | D:5      | Noticed a two-headed ogre
  4868 | D:6      | Noticed Eustachio
  4875 | D:6      | Reached XP level 8. HP: 63/63 MP: 4/19
  4911 | D:6      | Killed Eustachio
  4940 | D:6      | Reached skill level 8 in Spellcasting
  5373 | D:6      | Reached skill level 9 in Spellcasting
  5373 | D:6      | Reached XP level 9. HP: 49/71 MP: 19/22
  6068 | D:6      | Found a staircase to the Ecumenical Temple.
  6146 | Temple   | Entered the Ecumenical Temple
  6183 | Temple   | Became a worshipper of Hepliaklqana the Forgotten
  6279 | D:6      | Learned a level 2 spell: Searing Ray
  6772 | D:6      | Reached skill level 5 in Shields
  6853 | D:6      | Reached skill level 1 in Conjurations
  6856 | D:6      | Reached skill level 10 in Spellcasting
  7234 | D:7      | Found an ornate altar of the Wu Jian Council.
  7312 | D:7      | Reached * piety under Hepliaklqana
  7369 | D:7      | Found a sand-covered staircase.
  7476 | D:7      | Reached XP level 10. HP: 63/72 MP: 0/24
  7510 | Ossuary  | Entered an ossuary
  8490 | D:8      | Learned a level 4 spell: Airstrike
  8506 | D:8      | Noticed a two-headed ogre
  8516 | D:8      | Killed a two-headed ogre
  8517 | D:8      | Reached skill level 11 in Spellcasting
  8517 | D:8      | Reached skill level 1 in Air Magic
  8691 | D:8      | Reached ** piety under Hepliaklqana
  8693 | D:8      | Remembered your ancestor Æthelred as a battlemage
  8843 | D:8      | Found a flagged portal.
  8937 | Bailey   | Entered a bailey
  9050 | Bailey   | Noticed an orc knight
  9261 | Bailey   | Killed an orc knight
  9321 | Bailey   | Noticed an orc knight
  9345 | Bailey   | Killed an orc knight
  9493 | Bailey   | Found a burning altar of Makhleb.
  9568 | D:8      | Reached skill level 12 in Spellcasting
 10506 | D:9      | Reached *** piety under Hepliaklqana
 10670 | D:9      | Noticed Joseph
 10788 | D:9      | Killed Joseph
 10789 | D:9      | Reached XP level 11. HP: 65/81 MP: 12/27
 10930 | D:9      | Reached skill level 10 in Fighting
 10979 | D:10     | Entered Level 10 of the Dungeon
 10995 | D:10     | Found Kisiatae's Jewellery Shoppe.
 11001 | D:10     | Bought a ring of willpower for 300 gold pieces
 11085 | D:10     | Noticed Erica
 11092 | D:10     | Killed Erica
 11154 | D:10     | Noticed Maurice
 11165 | D:10     | Killed Maurice
 11166 | D:10     | Reached skill level 1 in Armour
 11607 | D:10     | Found a staircase to the Lair.
 11613 | D:10     | Noticed Fannar
 11975 | D:10     | Killed Fannar
 12078 | D:10     | Found a staircase to the Orcish Mines.
 12126 | D:10     | Reached skill level 13 in Spellcasting
 12140 | D:10     | Reached skill level 5 in Air Magic
 12994 | D:11     | Noticed a boulder beetle
 13033 | D:11     | Reached **** piety under Hepliaklqana
 13083 | D:11     | Killed a boulder beetle
 13084 | D:11     | Reached XP level 12. HP: 84/90 MP: 17/29
 14321 | Lair:1   | Entered Level 1 of the Lair of Beasts
 14400 | Lair:1   | Reached skill level 5 in Dodging
 14631 | Lair:1   | Reached skill level 14 in Spellcasting
 15261 | Lair:1   | Learned a level 4 spell: Summon Lightning Spire
 15267 | Lair:1   | Learned a level 5 spell: Lightning Bolt
 15367 | Lair:2   | Reached ***** piety under Hepliaklqana
 15405 | Lair:2   | Noticed a five-headed hydra
 15414 | Lair:2   | Killed a five-headed hydra
 15500 | Lair:2   | Identified the +2 buckler "Tedgh" {Rampage rN+}
 15570 | Lair:2   | Reached skill level 5 in Armour
 15916 | Lair:2   | Found a staircase to the Snake Pit.
 16250 | Lair:3   | Gained mutation: You are strongly in touch with the powers
                  | of death. [Mummy growth]
 16250 | Lair:3   | Reached XP level 13. HP: 92/97 MP: 29/31
 16273 | Lair:3   | Found a staircase to the Shoals.
 16473 | Lair:3   | You fall into a shaft and drop 1 floor!
 16943 | Lair:3   | Noticed Nergalle
 16959 | Lair:3   | Killed Nergalle
 17243 | Lair:3   | Reached skill level 15 in Spellcasting
 17431 | Lair:3   | Reached skill level 5 in Conjurations
 19077 | Lair:4   | Found a staircase to the Slime Pits.
 19125 | Lair:5   | Entered Level 5 of the Lair of Beasts
 19651 | Lair:5   | Reached ****** piety under Hepliaklqana
 20004 | Lair:5   | Reached XP level 14. HP: 104/104 MP: 21/33
 20116 | Lair:5   | Identified the amulet of Lofro {Reflect rPois rN+ SH+5
                  | SInv}
 20795 | Lair:5   | Reached skill level 1 in Summonings
 21114 | Lair:5   | Identified the ring "Wudinkun" {rElec rPois Dex-5 Slay+5
                  | Stlth+}
 21352 | Orc:1    | Entered Level 1 of the Orcish Mines
 21409 | Orc:2    | Entered Level 2 of the Orcish Mines
 21409 | Orc:2    | Found Neecsein's Antique Armour Shoppe.
 21596 | Orc:2    | Bought a jet-encrusted ring mail for 171 gold pieces
 21596 | Orc:2    | Identified the +3 ring mail of Fortitude {rPois} (You
                  | bought it in a shop on level 2 of the Orcish Mines)
 21692 | Orc:2    | Found a staircase to the Elven Halls.
 21873 | Orc:2    | Found Duyg's Armour Emporium.
 21876 | Orc:2    | Found Ileitz's Jewellery Boutique.
 22126 | Orc:2    | Reached skill level 16 in Spellcasting
 22665 | Orc:2    | Noticed an orc warlord
 22692 | Orc:2    | Killed an orc warlord
 22962 | Orc:2    | Found Alysm's General Store.
 22963 | Orc:2    | Found Veocsyxt's Jewellery Shop.
 22965 | Orc:2    | Found Fenk's Antique Armour Shop.
 22965 | Orc:2    | Found Eruhyhuv's Antique Weapon Boutique.
 22971 | Orc:2    | Bought a shimmering spear for 224 gold pieces
 22971 | Orc:2    | Identified the +7 spear "Cosut" {freeze, rF- Str+2 Int+4
                  | Dex+2} (You bought it in a shop on level 2 of the Orcish
                  | Mines)
 22980 | Orc:2    | Bought a scroll of enchant weapon for 97 gold pieces
 23082 | Orc:2    | Bought a glowing cloak for 180 gold pieces
 23295 | Snake:1  | Entered Level 1 of the Snake Pit
 23744 | Snake:1  | Reached XP level 15. HP: 64/111 MP: 7/35
 25302 | Snake:1  | Identified the ring "Lymuclij" {Ice Will+ Str+10 Dex-2}
 25505 | Snake:1  | Reached skill level 17 in Spellcasting
 26213 | Snake:2  | Reached skill level 10 in Air Magic
 26601 | Snake:2  | Learned a level 3 spell: Vhi's Electric Charge
 26961 | Snake:2  | Learned a level 7 spell: Haunt
 26970 | Snake:2  | Learned a level 8 spell: Infestation
 28155 | Snake:3  | Reached XP level 16. HP: 120/120 MP: 33/37
 28299 | Snake:3  | Reached skill level 15 in Fighting
 28488 | Snake:3  | Found Voon Fadgh's Weapon Shoppe.
 28515 | Snake:3  | Reached skill level 18 in Spellcasting
 29129 | Snake:3  | Noticed Pebbae's ghost (adept DsGl)
 29132 | Snake:3  | Found a runed translucent door.
 30023 | Orc:2    | Bought a ring of protection from fire for 300 gold pieces
 30839 | Orc:1    | Found a runed translucent gate.
 30840 | Orc:1    | Found a runed translucent gate.
 31143 | Orc:1    | Found Efuleu's Assorted Antiques.
 31152 | Orc:1    | Bought a scroll of acquirement for 1196 gold pieces
 31154 | Orc:1    | Acquired 881 gold pieces
 31158 | Orc:1    | Bought a faintly glowing scale mail for 207 gold pieces
 31158 | Orc:1    | Identified the +0 scale mail of the Dozen Quests {rPois}
                  | (You bought it in a shop on level 1 of the Orcish Mines)
 31283 | Orc:1    | Found a runed translucent gate.
 31285 | Orc:1    | Noticed sifdire's ghost (journeyman MiBe)
 31285 | Orc:1    | Noticed Esior's ghost (novice DsGl)
 31287 | Orc:1    | Noticed Siyfonof's ghost (journeyman MiFi)
 31287 | Orc:1    | Noticed Oket's ghost (journeyman DrCj)
 31536 | Elf:1    | Entered Level 1 of the Elven Halls
 31536 | Elf:1    | Found a runed translucent gate.
 31536 | Elf:1    | Found a runed translucent gate.
 31536 | Elf:1    | Found a runed translucent gate.
 31536 | Elf:1    | Found a runed translucent gate.
 31536 | Elf:1    | Found a runed translucent gate.
 31536 | Elf:1    | Found a runed translucent gate.
 31538 | Elf:1    | Found a runed translucent door.
 31682 | Elf:1    | Found a runed translucent door.
 32108 | Elf:1    | Noticed Aizul
 32113 | Elf:1    | Killed Aizul
 32857 | Elf:1    | Noticed Nikola
 32876 | Elf:1    | Killed Nikola
 33680 | Elf:1    | Got the Catalogue of Companions
 34586 | Elf:1    | Found a runed translucent door.
 34586 | Elf:1    | Noticed Diaqofic's ghost (adept GnAr)
 35907 | Elf:2    | Reached XP level 17. HP: 127/127 MP: 34/39
 35927 | Elf:2    | Found a runed translucent gate.
 35928 | Elf:2    | Found a runed translucent gate.
 35928 | Elf:2    | Found a runed translucent gate.
 37228 | D:12     | You fall into a shaft and drop 1 floor!
 37526 | D:13     | Reached skill level 10 in Necromancy
 37557 | D:13     | Found a gate leading to a gauntlet.
 37566 | Gauntlet | Entered a Gauntlet
 37566 | Gauntlet | Found a transporter.
 37566 | Gauntlet | Found a transporter.
 37592 | Gauntlet | Found a transporter.
 37596 | Gauntlet | Found a transporter.
 37600 | Gauntlet | Found a runed translucent door.
 37602 | Gauntlet | Found a runed translucent door.
 37604 | Gauntlet | Found a transporter.
 37608 | Gauntlet | Found a transporter.
 37616 | Gauntlet | Found a transporter.
 37633 | Gauntlet | Found a transporter.
 37651 | Gauntlet | Found a transporter.
 37652 | Gauntlet | Found a transporter.
 37660 | Gauntlet | Found a transporter.
 37664 | Gauntlet | Found a transporter.
 37775 | Gauntlet | Acquired the ring "Aptiwiott" {Fly rPois rF+ Dex+4}
 38088 | Gauntlet | Identified the +1 helmet of the Scribe {Will++ Stlth+}
 38282 | Gauntlet | Identified the +6 hand axe of Blood {venom, Dex+4 Stlth+}
 38963 | Orc:1    | Bought the +2 cloak of the Thief {*Fog Slay-2 SInv Stlth+}
                  | for 462 gold pieces
 38963 | Orc:1    | Found the +2 cloak of the Thief {*Fog Slay-2 SInv Stlth+}
 39090 | Orc:1    | Killed sifdire's ghost
 39243 | Orc:1    | Killed Esior's ghost
 39440 | Orc:1    | Identified the +2 storm dragon scales of Uribuh {rElec
                  | Dex+2}
 39471 | Orc:1    | Learned a level 3 spell: Swiftness
 39636 | Shoals:1 | Entered Level 1 of the Shoals
 40065 | Shoals:1 | Reached skill level 19 in Spellcasting
 40289 | Shoals:1 | Noticed a kraken
 40343 | Shoals:1 | Killed a kraken
 40477 | Shoals:1 | Found Wyilaqox's Assorted Antiques.
 40639 | Shoals:1 | Bought a polished scale mail for 207 gold pieces
 40639 | Shoals:1 | Identified the +4 scale mail "Daimy" {Contam rF+++ Int+3}
                  | (You bought it in a shop on level 1 of the Shoals)
 40657 | Shoals:1 | Found Hyasuazo's Weapon Boutique.
 40759 | Shoals:1 | Found Jedaw's Assorted Antiques.
 41552 | Shoals:2 | Identified the +2 leather armour of Cufoim {+Inv rC+}
 42088 | Shoals:2 | Noticed Frances
 42095 | Shoals:2 | Killed Frances
 42456 | Shoals:2 | Found Qeuzyaj's General Store.
 42524 | Shoals:2 | Found Pofoeh's Specific Store.
 43127 | Shoals:3 | Noticed a kraken
 43129 | Shoals:3 | Noticed a kraken
 44132 | Shoals:3 | Noticed a kraken
 44140 | Shoals:3 | Killed a kraken
 44637 | Shoals:3 | Killed a kraken
 44723 | Shoals:3 | Noticed a kraken
 44729 | Shoals:3 | Killed a kraken
 44874 | Shoals:3 | Killed a kraken
 45553 | Shoals:4 | Entered Level 4 of the Shoals
 45557 | Shoals:4 | Reached XP level 18. HP: 135/135 MP: 28/41
 46670 | Shoals:4 | Learned a level 2 spell: Passwall
 47923 | Shoals:4 | Got a barnacled rune of Zot
 48125 | Shoals:4 | Reached skill level 10 in Shields
 48904 | Shoals:4 | Got Sif Muna's Textbook on Damaging Enchantment
 49425 | Snake:3  | Killed Pebbae's ghost
 49526 | Snake:4  | Entered Level 4 of the Snake Pit
 51618 | Snake:4  | Found Uguil's General Store.
 51618 | Snake:4  | Found Dathips's Jewellery Emporium.
 51627 | Snake:4  | Bought the ring "Oczan" {Contam rPois Will+ rCorr SInv} for
                  | 381 gold pieces
 51643 | Snake:4  | Bought a scroll of enchant armour for 90 gold pieces
 51670 | Snake:4  | Reached skill level 5 in Summonings
 53345 | Snake:4  | Got a serpentine rune of Zot
 54862 | D:13     | Reached XP level 19. HP: 132/141 MP: 12/42
 56019 | D:14     | Reached skill level 20 in Spellcasting
 56384 | D:13     | Learned a level 5 spell: Arcjolt
 56388 | D:14     | Reached skill level 10 in Armour
 56871 | D:14     | Found a portal to a secret trove of treasure.
 57430 | D:14     | Found a gate to the Vaults.
 57586 | Vaults:1 | Entered Level 1 of the Vaults
 62737 | Vaults:2 | Reached XP level 20. HP: 141/149 MP: 14/44
 65101 | Vaults:2 | Reached skill level 15 in Necromancy
 66811 | Vaults:3 | Reached skill level 21 in Spellcasting
 67686 | Vaults:3 | Found a staircase to the Crypt.
 69126 | Vaults:4 | Noticed Zenata
 69157 | Vaults:4 | Slain by a +2 dire flail of holy wrath

Illustrated notes

Levels and vault maps discovered:
D:1:      sevenhm_arrival_forest_fort_large_4, layout_rooms,
          shapermc_ecumenical_altar_petra, minivault_23
D:2:      layout_basic, uniq_sigmund
D:3:      layout_rooms
D:4:      layout_basic, serial_co_window_serial, co_window_paths_b,
          co_window_paths_b, co_window_of_opportunity_a, co_window_paths_b,
          co_window_paths_a, co_window_broadway_c, co_window_of_opportunity_b,
          co_window_paths_c, co_window_sun, co_window_4corner_b,
          glass_columns_a, glass_columns_c, glass_columns_a
D:5:      layout_gridville
D:6:      minmay_bubble_buster, layout_basic, temple_doors_cd,
          grunt_decor_junction, uniq_eustachio
D:7:      kennysheep_kobold_camp, layout_rooms, nzn_wu_jian_contemplation,
          nicolae_ossuary_entry_false_entrances
D:8:      layout_loops_corners, enter_bailey_5
D:9:      layout_roguey, uniq_joseph
D:10:     layout_cave_pods, hellmonk_lair_entry_icy,
          kennysheep_orc_monster_closet_entryway, serial_shops, shop,
          minivault_16, grunt_ministairs_12, uniq_erica, uniq_maurice,
          uniq_fannar
D:11:     layout_small_grid, serial_undead, serial_undead_a, serial_undead_a,
          serial_undead_e, serial_undead_c, elyvilon_altar_1
D:12:     layout_small_grid, serial_park_tiny_pond, elves_outpost_lemuel
D:13:     minmay_octo_star, layout_cave_pools, gauntlet_entry_generic
D:14:     layout_irregular_city, david_vaults_1,
          nicolae_trove_entry_free_sample, hangedman_abyss_or_decor_passed
Temple:   compressed_dpeg_circular_temple
Lair:1:   layout_loops_ring, serial_bayou_shore_b
Lair:2:   beast_lair_carwin_large_1, layout_hall_layers, dummy_snake_entry,
          serial_bayou_pond_b
Lair:3:   layout_regular_city, minmay_shoals_entry_centaurs,
          grunt_forest_small_clearings, uniq_nergalle
Lair:4:   layout_hall_layers, dpeg_slime_entry_corner
Lair:5:   grunt_lair_end_beastmaster, layout_regular_city,
          dreamdust_gnoll_shepherd
Shoals:1: layout_shoals, serial_shops, shop, nicolae_square_shop,
          nicolae_shop_stone
Shoals:2: layout_shoals, nicolae_specific_store, uniq_frances
Shoals:3: layout_shoals, nicolae_shoals_kraken_party
Shoals:4: shoals_end_grunt_garden, layout_shoals,
          nicolae_shoals_nautilus_by_nature, nicolae_shoals_aquamancer_cove
Snake:1:  layout_gridlike, nicolae_snake_gridmaze_waves, grunt_ministairs_4,
          nicolae_snake_gridmaze_big_u, nicolae_snake_storage_room
Snake:2:  layout_misc_corridors
Snake:3:  layout_cave_town, hellmonk_ghost_happy_afterlife, serial_shops,
          nicolae_shop_temple_entry_statues_fountains,
          nicolae_snake_yet_another_twisty_hallway, nicolae_snake_double_loop
Snake:4:  minmay_snake_end_coiled, layout_cave_town, serial_bayou_pond_d,
          minmay_shoptagon, lemuel_fruit_tree
Orc:1:    layout_diamond_mine, serial_shops, nicolae_square_shop,
          gammafunk_ghost_cemetery, mines2_david
Orc:2:    st_orc_congregation, layout_diamond_mine, serial_shops,
          nicolae_shop_statue_plus, nicolae_shop_stone, nicolae_shop_crystal
Elf:1:    nicolae_elf_arrival_dilemma, layout_gridlike, gammafunk_ghost_grave,
          minmay_elf_demonology, uniq_nikola, uniq_aizul
Elf:2:    nicolae_elf_blades_splatter_lattice [nicolae_blade_tridents],
          layout_rooms, hex_intersection, nrook_uturn, minivault_14
Vaults:1: v_rooms_2, vaults_room_pool, vaults_room_semicircle,
          ontoclasm_vaults_bender, grunt_vaults_diagonal,
          nicolae_vaults_windows_and_doors_thing, hangedman_vaults_pinch,
          vaults_room_corners, ontoclasm_vaults_loading_screen, v_misc_31,
          hangedman_vaults_stagger, v_misc_24, v_misc_8, v_misc_14,
          layout_vaults_omnibox
Vaults:2: vaults_room_fancy_cross, nicolae_vaults_quartermaster,
          grunt_vaults_twisty, dpeg_vaults_monster_box, nicolae_vaults_theta,
          layout_vaults_omnigrid
Vaults:3: vaults_mumra_chevron, nicolae_vaults_diagonal_hallway_7,
          st_quartered_hall, minmay_crypt_entry_simple_box,
          hangedman_vaults_stream, v_misc_27, v_misc_5, vaults_dpeg_diagonal,
          hangedman_vaults_impose, hangedman_vaults_river_flow, v_pattern_2,
          grunt_vaults_trifunnel, nicolae_vaults_theta, layout_vaults_maze
Vaults:4: kb_rosetta, nicolae_vaults_little_squares_2, grunt_vaults_swirl,
          nicolae_vaults_circle_grid_b, vaults_room_pools,
          nicolae_vaults_rhombus_5, v_alt_pattern_4,
          nicolae_vaults_angled_halls, hangedman_vaults_stitches, v_misc_1,
          vaults_room_semicircle, v_misc_8, layout_vaults_big_cross, uniq_zenata

Skill      XL: |  1  2  3  4  5  6  7  8  9 10 11 12 13 14 15 16 17 18 19 20 |
---------------+-------------------------------------------------------------+-----
Spellcasting   | 3 4 5 6 7 9 10 12 13 14 15 16 17 18 19 20 21 | 21.1
Fighting       | 1 2 3 4 5 6 8 9 11 12 13 14 15 16 | 16.9
Necromancy     | 5 6 9 11 12 14 15 | 15.0
Stealth        | 2 |  2.0
Dodging        | 2 4 5 6 7 8 9 |  9.2
Shields        | 2 4 5 6 7 8 11 13 14 | 14.4
Conjurations   | 2 3 4 5 |  5.0
Air Magic      | 3 5 6 7 8 10 11 | 11.0
Armour         | 3 5 6 7 8 9 10 11 | 11.0
Summonings     | 2 3 5 6 |  6.8

Action                   |  1- 3 |  4- 6 |  7- 9 | 10-12 | 13-15 | 16-18 | 19-21 || total
-------------------------+-------+-------+-------+-------+-------+-------+-------++-------
Melee: Unarmed           |     6 |       |       |       |       |       |       ||     6
       Dagger            |    13 |    24 |       |       |       |       |       ||    37
       Hand axe          |       |    43 |       |       |       |       |       ||    43
       Whip              |       |       |   121 |   261 |   227 |     6 |       ||   615
       Staff             |       |       |       |       |       |   113 |    28 ||   141
 Cast: Necrotise         |    62 |    74 |   193 |   303 |   726 |    82 |     4 ||  1444
       Vampiric Draining |       |     5 |    34 |    52 |    96 |    25 |    26 ||   238
       Animate Dead      |       |       |     1 |    11 |    21 |    10 |     7 ||    50
       Airstrike         |       |       |       |     5 |    45 |   903 |   483 ||  1436
       Searing Ray       |       |       |       |    19 |       |     2 |       ||    21
       Summon Lightning  |       |       |       |       |    54 |   132 |    75 ||   261
       Lightning Bolt    |       |       |       |       |     8 |    19 |    29 ||    56
       Arcjolt           |       |       |       |       |       |       |     6 ||     6
Invok: Recall Ancestor   |       |       |       |     3 |     8 |     8 |     3 ||    22
       Ancestor Life: Ba |       |       |       |     1 |       |       |       ||     1
Evoke: Wand              |       |     7 |       |       |       |       |       ||     7
       Condenser vane    |       |       |       |       |     1 |     1 |       ||     2
  Use: Scroll            |       |       |    16 |     8 |     8 |     8 |     1 ||    41
 Stab: Sleeping          |       |       |       |     2 |       |       |       ||     2
       Distracted        |       |       |       |     5 |     4 |       |     1 ||    10
Armor: Robe              |    17 |    14 |    43 |    48 |       |       |       ||   122
       Steam dragon scal |       |       |       |    92 |       |       |       ||    92
       Troll leather arm |       |       |       |    99 |   314 |   116 |       ||   529
       Scale mail        |       |       |       |       |       |    33 |   107 ||   140
Dodge: Dodged            |    62 |    36 |    94 |   259 |   364 |   209 |   105 ||  1129
Block: Kite shield       |       |    52 |   117 |   391 |   431 |    88 |   302 ||  1381
       Buckler           |       |       |       |       |   157 |   177 |       ||   334
       Reflection        |       |       |       |       |    23 |    56 |    41 ||   120

Table legend: (Time is in decaauts)
 A = Elapsed time spent in this place.
 B = Non-inter-level travel time spent in this place.
 C = Inter-level travel time spent in this place.
 D = Time resting spent in this place.
 E = Time spent auto-exploring this place.
 F = Levels seen in this place.
 G = Mean time per level.
                   A        B        C        D        E       F      G
               +--------+--------+--------+--------+--------+-----+--------+
         Total |  69495 |  66093 |   3402 |  16850 |  36347 |  39 | 1781.9 |
       Dungeon |  18622 |  17479 |   1143 |   2546 |  11433 |  14 | 1330.1 |
        Temple |    103 |     95 |      8 |      0 |     69 |   1 |  103.0 |
          Lair |   7482 |   6825 |    657 |    575 |   4318 |   5 | 1496.4 |
        Shoals |   9730 |   9572 |    158 |   2814 |   5114 |   4 | 2432.5 |
     Snake Pit |  10999 |  10528 |    471 |   3489 |   5066 |   4 | 2749.8 |
  Orcish Mines |   4206 |   3771 |    435 |   1530 |   1309 |   2 | 2103.0 |
   Elven Halls |   4926 |   4829 |     97 |   1282 |   2922 |   2 | 2463.0 |
        Vaults |  11426 |  10996 |    430 |   3789 |   5600 |   4 | 2856.5 |
       Ossuary |    494 |    494 |      0 |    224 |     64 |   1 |  494.0 |
        Bailey |    603 |    603 |      0 |    298 |    165 |   1 |  603.0 |
      Gauntlet |    900 |    900 |      0 |    303 |    286 |   1 |  900.0 |
               +--------+--------+--------+--------+--------+-----+--------+

Top non-repeatable levels by time:
Vaults:2: 4291 daAuts
 Snake:4: 3697 daAuts
Vaults:1: 3370 daAuts
Shoals:4: 3369 daAuts
   Elf:1: 3368 daAuts
 Snake:1: 3196 daAuts
Vaults:3: 3102 daAuts
 Snake:3: 2806 daAuts
Shoals:3: 2604 daAuts
   Orc:2: 2395 daAuts
    D:10: 2226 daAuts
     D:6: 2126 daAuts
Shoals:2: 1968 daAuts
  Lair:4: 1877 daAuts
   Orc:1: 1811 daAuts
